 Dungeon Crawl Stone Soup version 0.31.0 (webtiles) character file.

Game seed: 12818188171709163237

2532 Gingerlord the Trooper (level 9, 0/56 HPs)
             Began as a Gargoyle Gladiator on Jan 19, 2024.
             Was an Initiate of Okawaru.
             Slain by a vampire mosquito (2 damage)
             ... on level 9 of the Dungeon.
             The game lasted 00:17:05 (6654 turns).

Gingerlord the Trooper (Gargoyle Gladiator)         Turns: 6654, Time: 00:17:06

Health: 0/56       AC: 19    Str: 21    XL:     9   Next: 55%
Magic:  9/9        EV:  9    Int:  8    God:    Okawaru [......]
Gold:   17         SH:  9    Dex: 13    Spells: 8/8 levels left

rFire   . . .        a - +0 flail (spect)
rCold   + . .        l - +0 kite shield
rNeg    + . .        f - +0 chain mail
rPois   ∞            c - +0 helmet
rElec   +            (no cloak)
rCorr   .            v - +0 pair of gloves
SInv    .            (no boots)
Will    +....        (no amulet) Stlth
                     u - ring of protection from cold
HPRegen 0.29/turn    C - ring of willpower
MPRegen 0.11/turn

%: no passive effects
@: no status effects
A: sickness immunity, AC +6, negative energy resistance 1, electricity
resistance, torment resistance 1, petrification resistance
a: Renounce Religion


You were on level 9 of the Dungeon.
You worshipped Okawaru.
Okawaru was noncommittal.
You visited 2 branches of the dungeon, and saw 10 of its levels.

You collected 17 gold pieces.

Inventory:

Hand Weapons
 a - a +0 spectral flail (weapon)
Armour
 c - a +0 helmet (worn)
 f - a +0 chain mail (worn)
 l - a +0 kite shield (worn)
 v - a +0 pair of gloves (worn)
Jewellery
 u - a ring of protection from cold (left hand)
 C - a ring of willpower (right hand)
Wands
 b - a wand of flame (13)
 e - a wand of digging (4)
 x - a wand of iceblast (9)
Scrolls
 h - 3 scrolls of teleportation
 i - a scroll of enchant weapon
 k - 2 scrolls of fear
 o - 2 scrolls of blinking
 q - 2 scrolls of revelation
 r - 2 scrolls of poison
 w - a scroll of vulnerability
Potions
 d - a potion of lignification {unknown}
 g - 3 potions of attraction
 n - 2 potions of enlightenment
 s - a potion of degeneration {unknown}
 z - a potion of resistance {unknown}


   Skills:
 * Level 6.6 Fighting
 * Level 6.4 Maces & Flails
 - Level 1.7 Throwing
 * Level 6.0 Armour
 - Level 5.3 Dodging
 * Level 5.7 Shields
 * Level 0.0 Invocations


You had 8 spell levels left.
You didn't know any spells.
Your spell library contained the following spells:

 Spells                   Type           Power      Damage    Failure   Level
 Hailstorm                Conj/Ice       0%         3d5       100%        3
 Petrify                  Alch/Erth      0%         N/A       100%        4
 Irradiate                Conj/Alch      0%         3d11      100%        5
 Summon Small Mammal      Summ           Unusable   N/A       N/A         1
 Sublimation of Blood     Necr           Unusable   N/A       N/A         2
 Call Canine Familiar     Summ           Unusable   N/A       N/A         3
 Summon Ice Beast         Ice/Summ       Unusable   N/A       N/A         3
 Animate Dead             Necr           Unusable   N/A       N/A         4
 Summon Blazeheart Golem  Fire/Summ      Unusable   N/A       N/A         4
 Sculpt Simulacrum        Ice/Alch       Unusable   N/A       N/A         6
 Haunt                    Necr/Summ      Unusable   N/A       N/A         7
 Infestation              Necr           Unusable   N/A       N/A         8

Dungeon Overview and Level Annotations

Branches:
Dungeon (9/15)             Temple (1/1) D:7
   Lair: D:8-11         Orc: D:9-12

Altars:
Ashenzari
Cheibriados
Dithmenos
Elyvilon
Fedhas
Gozag
Hepliaklqana
Makhleb
Nemelex Xobeh
Okawaru
Qazlal
Ru
Sif Muna
Trog
Uskayaw
Vehumet
Wu Jian
Yredelemnul
Zin
The Shining One

Shops:
D:5 *

Annotations:
D:8 Jeremiah
Temple Maurice


Innate Abilities, Weirdness & Mutations

You are immune to sickness and miasma.
Your stone body is resilient. (AC +6)
You are immune to poison.
You resist negative energy. (rN+)
You are resistant to electric shocks. (rElec)
You are resistant to unholy torment.
You are immune to petrification.


Message History

You miss the vampire mosquito.
The vampire mosquito is almost destroyed.
The vampire mosquito closely misses you.
The vampire mosquito bites you but does no damage.
The howler monkey hoots and howls with incredible vigour!
You hear a bellow! x4
You completely miss the vampire mosquito.
The vampire mosquito is almost destroyed.
The vampire mosquito closely misses you.
You block the vampire mosquito's attack.
You closely miss the vampire mosquito.
The vampire mosquito is almost destroyed.
You block the vampire mosquito's attack.
The vampire mosquito bites you but does no damage.
The vampire mosquito bites you.
* * * LOW HITPOINT WARNING * * *
You closely miss the vampire mosquito.
The vampire mosquito is almost destroyed.
The vampire mosquito bites you but does no damage.
The howler monkey hoots and howls with incredible vigour!
You block the vampire mosquito's attack.
You hear an angry hiss.
You hear a bellow!
You hear a loud, deep croak!
You hit the vampire mosquito but do no damage.
The vampire mosquito is almost destroyed.
The vampire mosquito bites you but does no damage. x2
You barely miss the vampire mosquito.
The vampire mosquito is almost destroyed.
You block the vampire mosquito's attack.
The vampire mosquito bites you but does no damage.
You barely miss the vampire mosquito.
The vampire mosquito is almost destroyed.
The vampire mosquito bites you but does no damage.
The vampire mosquito barely misses you.
You block the vampire mosquito's attack.
You barely miss the vampire mosquito.
The vampire mosquito is almost destroyed.
The vampire mosquito bites you.
* * * LOW HITPOINT WARNING * * *
The vampire mosquito bites you.
You die...

####### #Fy@..#
#h###.#
#.###.###.###
.###...........#
#........<#....
########.## .
#.# #.# #.#


You could see a vampire mosquito, a bullfrog and a howler monkey.

Vanquished Creatures
  Grinder (D:4)
  A wyvern (D:7)
  Eustachio (D:5)
  Edmund (D:5)
  A water moccasin (D:6)
  Duvessa (D:7)
  A sky beast (D:6)
  2 ice beasts
  An orc warrior (D:6)
  2 black bears
  An ogre (D:6)
  A phantom (D:6)
  A kobold brigand (D:7)
  A bullfrog (D:6)
  A scorpion (D:5)
  Dowan (D:7)
  8 killer bees
  4 howler monkeys
  2 bombardier beetles
  An orc wizard (D:7)
  8 adders
  3 gnolls
  2 shadow imps
  2 ufetubi (D:6)
  2 dart slugs
  17 orcs
  2 ball pythons
  7 endoplasms
  5 giant cockroaches
  2 goblins
  5 hobgoblins
  5 jackals
  4 quokkas
  2 bats (D:3)
  3 frilled lizards
  8 kobolds
  6 rats
116 creatures vanquished.

Notes
Turn   | Place    | Note
-------+----------+-------------------------------------------
     0 | D:1      | Gingerlord the Gargoyle Gladiator began the quest for the
                  | Orb.
     0 | D:1      | Reached XP level 1. HP: 12/12 MP: 1/1
   204 | D:1      | Reached XP level 2. HP: 18/18 MP: 2/2
   397 | D:1      | Reached skill level 1 in Armour
   813 | D:2      | Reached XP level 3. HP: 22/22 MP: 3/3
  1221 | D:2      | You fall into a shaft and drop 2 floors!
  1234 | D:4      | Reached XP level 4. HP: 27/27 MP: 4/4
  1390 | D:2      | Found a broken altar of Ashenzari.
  1697 | D:3      | Found a faded altar of an unknown god.
  2322 | D:4      | Reached skill level 1 in Shields
  2322 | D:4      | Reached XP level 5. HP: 32/32 MP: 5/5
  2405 | D:4      | Noticed Grinder
  2408 | D:4      | Paralysed by Grinder for 2 turns
  2416 | D:4      | Killed Grinder
  2417 | D:4      | Reached XP level 6. HP: 29/38 MP: 6/6
  2731 | D:4      | Noticed a black bear
  2737 | D:4      | Killed a black bear
  2738 | D:4      | Reached XP level 7. HP: 40/43 MP: 7/7
  2812 | D:5      | Entered Level 5 of the Dungeon
  2828 | D:5      | Noticed Eustachio
  3188 | D:5      | Noticed Edmund
  3200 | D:5      | Killed Edmund
  3217 | D:5      | Killed Eustachio
  3218 | D:5      | Reached XP level 8. HP: 48/48 MP: 8/8
  3245 | D:5      | Reached skill level 5 in Maces & Flails
  3251 | D:5      | Found Norinam's Fire Supplies.
  3349 | D:5      | HP: 2/48 [burnt (3)]
  3761 | D:6      | Reached skill level 5 in Fighting
  4312 | D:6      | Reached skill level 5 in Armour
  4596 | D:7      | Reached XP level 9. HP: 50/55 MP: 9/9
  4737 | D:7      | Reached skill level 5 in Shields
  4784 | D:7      | Reached skill level 5 in Dodging
  4786 | D:7      | Noticed Jeremiah
  4788 | D:7      | Noticed Dowan
  4925 | D:7      | Noticed Duvessa
  4954 | D:7      | Killed Duvessa
  4963 | D:7      | Killed Dowan
  5775 | D:7      | Noticed Maurice
  5784 | D:7      | Maurice stole a +0 tower shield
  5793 | D:7      | Maurice stole a +2 flail of holy wrath
  5803 | D:7      | Maurice stole 292 gold
  5806 | D:7      | Maurice stole 65 gold
  5820 | D:7      | HP: 2/56 [something (12)]
  6034 | D:7      | Found a staircase to the Ecumenical Temple.
  6041 | Temple   | Entered the Ecumenical Temple
  6180 | Temple   | Became a worshipper of Warmaster Okawaru
  6452 | D:7      | Identified the +1 leather armour "Peothika" {rN+ Str-5
                  | Int+2}
  6649 | D:9      | HP: 1/56 [vampire mosquito (4)]
  6654 | D:9      | HP: 2/56 [vampire mosquito (1)]
  6654 | D:9      | Slain by a vampire mosquito

Illustrated notes

Levels and vault maps discovered:
D:1:      saegor_arrival_simple_c, layout_basic, minmay_tromino_v4_c
D:2:      layout_basic, basic_altar
D:3:      layout_loops_ring, basic_ecumenical_altar, minmay_misc_feat_tiny,
          hex_tiny
D:4:      layout_rooms, uniq_grinder
D:5:      layout_cave_pools, nicolae_shop_fire_sale [nicolae_sub_dead_trees],
          uniq_eustachio, uniq_edmund
D:6:      layout_loops_cross, serial_bayou_pond_e
D:7:      layout_loops_ring, temple_green, uniq_jeremiah, uniq_maurice,
          uniq_duvessa
D:8:      layout_cave_pools
D:9:      layout_loops_corners, mainiacjoe_overflow_large_starburst,
          orc_0_dummy, nicolae_diode_basic, uniq_erolcha, uniq_harold,
          uniq_psyche
Temple:   mainiacjoe_temple_cubbyholes

Skill      XL: |  1  2  3  4  5  6  7  8  9 |
---------------+----------------------------+-----
Armour         | 1 2 3 4 5 6 |  6.0
Fighting       | 3 4 5 6 |  6.6
Dodging        | 3 4 5 |  5.3
Shields        | 1 2 3 4 5 |  5.7
Maces & Flails | 4 5 6 |  6.4
Throwing       | |  1.7

Action                     |  1- 3 |  4- 6 |  7- 9 || total
---------------------------+-------+-------+-------++-------
  Melee: Flail             |    94 |   114 |   479 ||   687
         Punch             |     1 |       |       ||     1
         Unarmed           |       |       |    22 ||    22
    Use: Potion            |       |     1 |     7 ||     8
         Scroll            |       |     3 |    10 ||    13
 Armour: Chain mail        |    71 |   119 |   475 ||   665
         Skin              |     1 |       |    27 ||    28
         Leather armour    |     1 |       |       ||     1
  Dodge: Dodged            |    38 |    42 |   262 ||   342
  Block: Kite shield       |     2 |    56 |   301 ||   359
